 Dungeon Crawl Stone Soup version 0.19.0-2-gae57169 (webtiles) character file.

1642 Gingerlord the Ducker (level 9, 0/59 HPs)
             Began as a Halfling Gladiator on Nov 5, 2016.
             Was a Follower of the Shining One.
             Slain by Jane's ghost (14 damage)
             ... in an ossuary.
             The game lasted 00:13:29 (5045 turns).

Gingerlord the Ducker (Halfling Gladiator)          Turns: 5045, Time: 00:13:30

Health: 0/59       AC: 14    Str: 17 (18) XL:     9   Next: 19%
Magic:  9/9        EV: 16    Int:  6      God:    the Shining One [*.....]
Gold:   279        SH: 10    Dex: 15 (16) Spells: 0 memorised, 8 levels left

rFire  . . .     SeeInvis .     a - +1 war axe
rCold  + . .     Gourm    .     h - +0 troll leather armour
rNeg   . . .     Faith    .     p - +0 shield
rPois  .         Spirit   .     c - +1 helmet
rElec  .         Reflect  .     H - +2 cloak
rCorr  .         Harm     .     y - +2 pair of gloves
MR     .....                    i - +0 pair of boots
Stlth  +.........               (no amulet)
                                q - ring of flight
                                j - ring of protection from cold

@: very slightly contaminated, hasted, glowing, very quick
A: mutation resistance 1
a: Renounce Religion, Evoke Flight


You were in an ossuary.
You worshipped the Shining One.
The Shining One was aware of your devotion.
You were not hungry.

You visited 2 branches of the dungeon, and saw 8 of its levels.
You also visited: Ossuary.

You collected 279 gold pieces.

Inventory:

Hand Weapons
 a - a +1 war axe (weapon)
Missiles
 d - 3 throwing nets (quivered)
Armour
 c - a +1 helmet (worn)
 h - a +0 troll leather armour (worn)
 i - a +0 pair of boots (worn)
 p - a +0 shield (worn)
 y - a +2 pair of gloves (worn)
 H - a +2 cloak (worn)
Jewellery
 j - a ring of protection from cold (left hand)
 q - a ring of flight (right hand)
Scrolls
 g - 3 scrolls of identify
 k - a scroll of recharging
 m - 2 scrolls of immolation
 o - 2 scrolls of random uselessness
 r - 2 scrolls of enchant armour
 u - 2 scrolls of amnesia
 v - 5 scrolls of remove curse
 F - a scroll of fear {unknown}
Potions
 b - a potion of curing
 e - a potion of cure mutation
 w - a potion of heal wounds {unknown}
 x - a potion of lignification
 z - a potion of might {unknown}
 B - 2 potions of brilliance
 D - a potion of ambrosia {unknown}
 E - a potion of degeneration
Comestibles
 f - 2 bread rations
 n - 3 fruits
 A - 2 meat rations


   Skills:
 + Level 4.6 Fighting
 + Level 5.8 Axes
 - Level 2.0 Throwing
 + Level 4.9 Armour
 + Level 6.5 Dodging
 + Level 5.3 Shields


You had 8 spell levels left.
You didn't know any spells.

Dungeon Overview and Level Annotations

Branches:
Dungeon (7/15)             Temple (1/1) D:7

Altars:
Ashenzari
Dithmenos
Elyvilon
Gozag
Hepliaklqana
Kikubaaqudgha
Okawaru
Qazlal
Uskayaw
Vehumet
Xom
The Shining One

Shops:
D:4 :

Annotations:
Ossuary Jane's ghost, novice DsGl


Innate Abilities, Weirdness & Mutations

You are small and have problems with some larger weapons.
You are somewhat resistant to further mutation.


Message History

Your shield prevents you from hitting Jane's ghost.
Jane's ghost is severely damaged.
You hit the mummy. x2
Jane's ghost hits you but does no damage.
The mummy hits you. The mummy hits you!
* * * LOW HITPOINT WARNING * * *
Unknown command.
You slash Jane's ghost!
Jane's ghost is almost destroyed.
You hit the mummy. You slash the mummy!
You destroy the mummy!
The Shining One accepts your kill.
Jane's ghost hits you but does no damage.
You closely miss Jane's ghost.
Jane's ghost is almost destroyed.
You hit the mummy.
You destroy the mummy!
The Shining One accepts your kill. Jane's ghost hits you!
You die...

.... ##..## ...
....##....##...
...............
...............
.............
#........#
#MW....# #.@..#
#....# #....#
#....# #....#
#....# #....#
#....# #.∩∩.#


You could see a mummy and Jane's ghost.

Vanquished Creatures
  An orc warrior (D:7)
  A sky beast (D:5)
  The ghost of Jane the Skirmisher, an amateur DsGl (D:3)
  2 ogres
  2 centaurs
  2 necrophages (D:5)
  2 bullfrogs
  2 scorpions
  A howler monkey (D:5)
  A bullfrog skeleton (D:7)
  A jelly (D:6)
  An orc priest (D:7)
  A hound (D:5)
  Crazy Yiuf (D:6)
  3 orc wizards
  4 worker ants
  A big kobold zombie (Ossuary)
  6 mummies (Ossuary)
  A worker ant zombie (D:6)
  5 adders
  2 shadow imps
  An ooze (D:4)
  A worm (D:4)
  2 dart slugs
  6 leopard geckos
  8 orcs
  4 ball pythons
  8 bats
  3 giant cockroaches
  A gnoll zombie (Ossuary)
  10 goblins
  7 hobgoblins
  16 jackals
  5 quokkas
  4 frilled lizards
  A giant cockroach zombie (D:6)
  A jackal zombie (D:5)
  7 kobolds
  2 kobold zombies (Ossuary)
  A leopard gecko skeleton (D:5)
  4 orc zombies (Ossuary)
  A quokka skeleton (D:5)
  11 rats
145 creatures vanquished.

Vanquished Creatures (others)
  A bullfrog (D:7)
  An adder (D:7)
  A leopard gecko (D:7)
  A quokka (D:2)
  A bat (D:2)
5 creatures vanquished.

Grand Total: 150 creatures vanquished

Notes
Turn   | Place    | Note
-------+----------+-------------------------------------------
     0 | D:1      | Gingerlord the Halfling Gladiator began the quest for the Orb.
     0 | D:1      | Reached XP level 1. HP: 14/14 MP: 1/1
   122 | D:1      | Reached XP level 2. HP: 17/19 MP: 2/2
   171 | D:1      | Reached skill level 1 in Armour
   178 | D:1      | Reached XP level 3. HP: 15/24 MP: 3/3
   299 | D:1      | Reached skill level 1 in Shields
   823 | D:2      | Reached XP level 4. HP: 29/29 MP: 4/4
   886 | D:2      | Found a white marble altar of Elyvilon.
  1231 | D:2      | Reached skill level 4 in Dodging
  1453 | D:2      | Found a stormy altar of Qazlal.
  1635 | D:3      | Reached XP level 5. HP: 29/34 MP: 5/5
  1901 | D:3      | Noticed Jane's ghost (amateur DsGl)
  1921 | D:3      | Killed Jane's ghost
  1921 | D:3      | Reached XP level 6. HP: 7/41 MP: 6/6
  2589 | D:4      | Found Raecw's Book Boutique.
  3048 | D:5      | Entered Level 5 of the Dungeon
  3127 | D:5      | Reached XP level 7. HP: 5/46 MP: 7/7
  3388 | D:5      | Found a shimmering altar of Xom.
  3389 | D:5      | Found a hazy altar of Hepliaklqana.
  3390 | D:5      | Noticed a spectral ugly thing
  3412 | D:5      | Reached skill level 5 in Dodging
  3592 | D:5      | Reached XP level 8. HP: 53/53 MP: 8/8
  3870 | D:5      | Reached skill level 5 in Axes
  3921 | D:5      | Found a radiant altar of Vehumet.
  4162 | D:6      | Found a runed door.
  4211 | D:6      | Noticed Crazy Yiuf
  4227 | D:6      | Killed Crazy Yiuf
  4766 | D:7      | Reached skill level 6 in Dodging
  4802 | D:7      | Reached XP level 9. HP: 19/59 MP: 9/9
  4807 | D:7      | Reached skill level 5 in Shields
  4944 | D:7      | Found a staircase to the Ecumenical Temple.
  4950 | Temple   | Entered the Ecumenical Temple
  4966 | Temple   | Became a worshipper of the Shining One
  4989 | D:7      | Found a sand-covered staircase.
  5008 | Ossuary  | Entered an ossuary
  5023 | Ossuary  | Reached * piety under the Shining One
  5028 | Ossuary  | Noticed Jane's ghost (novice DsGl)
  5045 | Ossuary  | Slain by Jane's ghost

Skill      XL: |  1  2  3  4  5  6  7  8  9 |
---------------+----------------------------+-----
Armour         | 1 2 3 4 |  4.9
Shields        | 1 2 3 4 5 |  5.3
Fighting       | 2 3 4 |  4.6
Dodging        | 4 5 6 |  6.5
Axes           | 4 5 |  5.8
Throwing       | |  2.0

Action                   |  1- 3 |  4- 6 |  7- 9 || total
-------------------------+-------+-------+-------++-------
Melee: War axe           |   103 |   177 |   236 ||   516
  Use: Potion            |       |     4 |     4 ||     8
       Scroll            |       |       |    10 ||    10
 Stab: Sleeping          |     1 |     2 |     1 ||     4
  Eat: Chunk             |       |     7 |     4 ||    11
       Fruit             |       |     1 |       ||     1
       Bread ration      |       |       |     1 ||     1
Armor: Leather armour    |    30 |    55 |     2 ||    87
       Troll leather arm |       |       |    54 ||    54
       Skin              |       |       |    18 ||    18
Dodge: Dodged            |    83 |   146 |   133 ||   362
Block: Buckler           |    17 |     7 |       ||    24
       Shield            |       |    84 |   114 ||   198
